Unix NetHack Version 3.7.0-102 Work-in-progress - last build Apr 6 2024 13:22:21 (d302a6a9ff6341f1a922d8f5af178406b35fdf99,branch:master). Game began 2024-04-19 06:49:44, ended 2024-04-20 05:43:02. MalkMcJorma, neutral male human Barbarian # ------ # |..(.| # |.....############ # ------ ----- |..{.| ##########%#\%0D%oo |...| |....| # ###|D%h.oT |...-### |....| ##### %###0D\DGo |*..| ### ------ ---.-- -----.# ### |.D%oh |....# #|.....| #### |`....##### |h..T. --.-- #|.....+ # #%$...|#######0..(. ## #|...).| # ###|....| # -.--- # #......| # # ------ # #o ### |......#########################*#### ### -------.--- -----+- ####### # ----|-- |.).......| 0###### -|-.----- ### |.....| |.).......| |*......|## |.>...| |<........| |........# |.)...| ----------- |.......| ------- --------- MalkMcJorma the Brigand St:25 Dx:17 Co:18 In:8 Wi:9 Ch:7 Neutral Dlvl:28 $:72 HP:0(124) Pw:29(29) AC:-17 Xp:13/61710 T:33890 Latest messages: The white dragon hits again! The white dragon knocks you backward with a forceful blow! The orc-captain is hit. The orc-captain is hit. The bugbear attacks a spot beside you. The boulder misses the forest centaur. The boulder hits the bugbear! The hobgoblin removes a corroded orcish helm and puts on an orcish helm. You kill the white dragon! You kill the hobgoblin! The crossbow bolt hits the gold dragon. The bugbear picks up a corroded orcish helm. You kill the bugbear! You hear a distant zap. The magic missile hits the orc-captain! The magic missile hits the gnome king! The gray dragon picks up a wand of speed monster. The forest centaur picks up a set of white dragon scales. You smite the forest centaur! You smite the gray dragon! The forest centaur is killed by the blast of frost! The blast of frost whizzes by you! The fire giant throws a dart! The dart hits the gray dragon. You smite the gray dragon! The mountain centaur picks up a set of white dragon scales. You smite the mountain centaur! You smite the gray dragon! The crossbow bolt hits the fire giant. The silver dragon is hit. The silver dragon is hit! The fire giant picks up a crossbow bolt. The mountain centaur misses! The mountain centaur kicks! The mountain centaur just misses! The crossbow bolt misses the fire giant. The crossbow bolt misses the gray dragon. A crossbow bolt misses you. The mountain centaur misses! The mountain centaur misses! The mountain centaur just misses! You smite the gray dragon! You kill the mountain centaur! The mountain centaur shoots a crossbow bolt! The crossbow bolt hits the fire giant. You hear a nearby zap. The mountain centaur is killed by the death ray! The death ray misses the fire giant. The death ray hits the gray dragon. The death ray hits you! Inventory: Coins ('$') $ - 72 gold pieces Amulets ('"') R - an uncursed amulet of ESP named ESP (being worn) Weapons (')') y - an uncursed +1 elven dagger G - 6 uncursed +0 elven daggers (at the ready) a - the blessed rustproof +4 Cleaver (weapon in hands) Armor ('[') q - an uncursed fireproof +2 elven leather helm (being worn) f - a blessed rustproof +2 pair of gauntlets of power (being worn) g - an uncursed fireproof +2 pair of jumping boots (being worn) d - an uncursed fireproof +0 cloak of protection (being worn) B - an uncursed +0 elven mithril-coat (being worn) Comestibles ('%') S - an uncursed lizard corpse Rings ('=') h - an uncursed ring of levitation k - a blessed +1 ring of protection (on right hand) s - an uncursed ring of shock resistance (on left hand) Wands ('/') m - an uncursed wand of cold (0:6) c - an uncursed wand of create monster (0:13) o - an uncursed wand of digging (0:4) l - an uncursed wand of fire (0:5) e - an uncursed wand of magic missile (0:1) Tools ('(') r - a blessed bag of holding named holding containing 37 items D - an uncursed sack containing 1 item w - a blessed magic lamp (lit) x - an uncursed +0 pick-axe I - an uncursed skeleton key L - an uncursed towel u - a blessed +0 unicorn horn Gems/Stones ('*') N - a blessed luckstone named luckstone Contents of the bag of holding named holding: an uncursed cram ration 6 uncursed food rations an uncursed K-ration an uncursed lizard corpse an uncursed scroll of blank paper a blessed scroll of create monster an uncursed scroll of earth a blessed scroll of enchant weapon a blessed scroll of identify 2 uncursed scrolls of teleportation 4 uncursed potions of extra healing a blessed potion of full healing a blessed potion of paralysis 2 uncursed potions of paralysis a blessed +1 ring of gain strength named pfsc an uncursed ring of slow digestion an uncursed ring of teleport control an uncursed wand of cold named cold (0:7) an uncursed wand of cold (0:3) an uncursed wand of digging (0:6) an uncursed wand of fire (0:8) an uncursed wand of fire (0:4) an uncursed wand of fire (0:4) a blessed wand of magic missile (0:6) an uncursed wand of magic missile (0:4) an uncursed wand of magic missile (0:4) an uncursed wand of magic missile (0:3) an uncursed wand of magic missile (0:0) an uncursed wand of make invisible named invisibility (0:4) an uncursed wand of striking (0:5) an uncursed wand of striking (0:3) an uncursed wand of striking (0:0) a cursed wand of striking (0:0) an uncursed wand of teleportation (0:7) an uncursed wand of teleportation (0:5) an uncursed wand of teleportation (0:4) an uncursed bugle Contents of the sack: a cursed potion of speed MalkMcJorma the Barbarian's attributes: Background: You were a Brigand, a level 13 male human Barbarian. You were neutral, on a mission for Crom who was opposed by Mitra (lawful) and Set (chaotic). You were right-handed. You were in the Dungeons of Doom, on level 28. You entered the dungeon 33890 turns ago. It was nighttime. You had 61710 experience points, 18290 more were needed to attain level 14. Basics: You had 0 out of 124 hit points. You had all 29 energy points (spell power). Your armor class was -17. Your wallet contained 72 zorkmids. Autopickup was off. Final Characteristics: Your strength was 25 (base:18/05, innate limit:18/100). Your dexterity was 17 (peak:18, limit:18). Your constitution was 18 (limit:18). Your intelligence was 8 (limit:18). Your wisdom was 9 (limit:18). Your charisma was 7 (limit:18). Final Status: You weren't hungry. You were unencumbered. You were wielding an axe. You had expert skill with axe. Final Attributes: You were piously aligned. You were fire resistant. You were cold resistant. You were sleep resistant. You were shock resistant. Your items were protected from electric shocks. You were poison resistant. You were telepathic. You were invisible. You were stealthy. You could jump. You had a moderate defense bonus (+10). You were protected. You were fast. You were extremely lucky. You had extra luck. Good luck did not time out for you. You are dead. Miscellaneous: You disabled loading of bones levels. Total elapsed playing time was 8 hours, 39 minutes and 30 seconds. Major events: Turn 1: MalkMcJorma the neutral male human Barbarian entered the dungeon 1287: attained the rank of Pillager (level 3) 1748: entered the Gnomish Mines 2783: attained the rank of Bandit (level 6) 3026: found Grimtooth on the floor 3083: reached Mine Town 7937: was bestowed with Cleaver by Crom 8941: attained the rank of Brigand (level 10) 9051: acquired the Mines' End luckstone 9781: made his first wish - "blessed fixed +2 gauntlets of power", got "a pair of fencing gloves" 11469: entered Sokoban 12270: completed 1st Sokoban level 12771: completed 2nd Sokoban level 13104: completed 3rd Sokoban level 14377: completed 4th Sokoban level 16712: chose an elven dagger to be named "Sting" 17361: entered the Bigroom 22096: chose an elven broadsword to be named "Orcrist" 27967: acquired the Sokoban bag of holding 30622: killed Medusa 33890: killed by a death ray Vanquished creatures: Medusa a storm giant a gray dragon a white dragon an orange dragon a green dragon a yellow dragon a minotaur 2 baluchitheria 2 stone golems a master mind flayer an Olog-hai 2 displacer beasts 3 titanotheres 2 trappers a baby orange dragon 2 vampire leaders a skeleton 4 liches 4 water trolls a clay golem 2 lurkers above an Aleax a frost giant 2 vampires 2 lieutenants a ghost 3 winged gargoyles 6 giant mimics 8 long worms a zruty 3 fire giants 2 ogre tyrants an ice troll a rock troll an umber hulk 2 flesh golems 3 elven monarchs 2 doppelgangers 3 large mimics 8 stalkers 2 air elementals a water elemental 4 hill giants 2 giant mummies 2 black nagas 5 xorns 3 giant zombies 4 elf-nobles 2 sergeants 6 wargs 9 small mimics 3 warhorses a xan an ettin mummy 7 ogre leaders 5 quantum mechanics 15 trolls a sasquatch 3 wood golems a marilith 4 sharks 5 gelatinous cubes a pyrolisk 4 freezing spheres 2 flaming spheres 2 large cats 2 tigers 2 gargoyles 2 dwarf rulers 5 tengu 2 ochre jellies 3 leocrottas 2 energy vortices 4 mountain centaurs a stone giant 2 elf mummies 2 human mummies a red naga a python 5 pit vipers a cobra 4 wraiths 2 carnivorous apes 4 leather golems 2 Grey-elves 2 chameleons 4 crocodiles 8 giant beetles 9 quivering blobs 5 cockatrices 5 wolves 9 winter wolf cubs 3 lynxes 6 panthers 3 gremlins 33 leprechauns 3 orc-captains 4 iron piercers 2 mumakil 5 giant spiders 5 scorpions 4 horses 4 ice vortices 7 black lights 8 vampire bats 5 forest centaurs 8 gnome rulers 2 orc mummies a dwarf mummy 3 ogres 6 brown puddings 3 rust monsters 6 owlbears 3 yetis 3 gold golems 4 Green-elves 3 giant eels 13 lizards a chickatrice 6 dingoes 3 dogs a housecat 2 jaguars 3 dwarf leaders 4 blue jellies 5 white unicorns 3 black unicorns 3 dust vortices 2 ravens 5 plains centaurs a gnome mummy 3 snakes 2 apes 5 human zombies 3 rope golems 8 Woodland-elves 11 soldier ants a fire ant 32 bugbears 4 quasits 7 wood nymphs 3 water nymphs 3 mountain nymphs 11 Mordor orcs 10 Uruk-hai 3 orc shamans 4 rock moles 3 ponies 4 fog clouds 6 yellow lights 2 shriekers 4 violet fungi 26 gnome leaders 11 gnomish wizards a kobold mummy 2 gray oozes 6 elf zombies 2 ghouls 4 straw golems 3 paper golems 2 jellyfish 22 giant ants 7 floating eyes 3 kittens 23 dwarves 2 homunculi 3 kobold leaders 4 kobold shamans 14 hill orcs 11 rothes 2 rabid rats 4 centipedes 4 giant bats 5 monkeys 4 dwarf zombies a wererat 2 werejackals 8 iguanas 37 killer bees 4 coyotes 4 gas spores 8 hobbits 7 manes 2 large kobolds 36 hobgoblins 11 giant rats 6 cave spiders 2 brown molds 2 yellow molds a green mold 2 red molds 66 gnomes 2 garter snakes 11 geckos 6 jackals a fox 3 kobolds 9 goblins 5 sewer rats 3 grid bugs a bat 12 lichens 5 kobold zombies 12 newts 1020 creatures vanquished. No species were genocided or became extinct. Voluntary challenges: You read items or engraved 45 times. You engraved Elbereth 8 times. You never genocided any monsters. You never polymorphed an object. You used 1 wish. You did not wish for any artifacts. You did not violate any of the special Sokoban rules. Achievements: You entered a shop. You attained the rank of Pillager. You entered the Gnomish Mines. You attained the rank of Bandit. You entered Minetown. You entered a temple. You attained the rank of Brigand. You completed the Gnomish Mines. You entered Sokoban. You entered the Big Room. You completed Sokoban. You defeated Medusa. The Dungeons of Doom: levels 1 to 29 Level 1: A sink. Level 2: A fountain, some graves. Level 3: A weapon shop, an altar to Crom, a fountain. Level 4: A fountain. Stairs down to The Gnomish Mines. Level 5: A fountain. Level 6: Some fountains. Level 7: Level 8: Level 9: Some fountains, a sink. Stairs up to Sokoban, level 8. Level 10: Level 11: Some fountains. Level 12: A fountain, many trees. A very big room. Level 13: A sink. Level 14: A temple and an altar to Crom, a sink. Level 15: Summoned by Pelias. Level 16: A primitive area. Level 17: A fountain. Level 18: A fountain. Level 19: A fountain. Level 20: Some graves. Level 21: A fountain. Level 22: A fountain. Level 23: Level 24: A fountain. Level 25: Level 26: Level 27: Level 28: "Vault" <- You were here. A fountain. Final resting place for you, killed by a death ray. Level 29: The castle. The Gnomish Mines: levels 5 to 12 Level 5: Level 6: Level 7: A temple and an altar, some fountains, a sink. Level 8: Level 9: Level 10: Level 11: Level 12: Sokoban: levels 8 up to 5 Level 5: Solved. Level 6: Solved. Level 7: Solved. Level 8: Solved. Game over: ---------- / \ / REST \ / IN \ / PEACE \ / \ | MalkMcJorma | | 72 Au | | killed by a | | death ray | | | | | | 2024 | *| * * * | * _________)/\\_//(\/(/\)/\//\/|_)_______ Goodbye MalkMcJorma the Barbarian... You died in The Dungeons of Doom on dungeon level 28 with 250027 points, and 72 pieces of gold, after 33890 moves. You were level 13 with a maximum of 124 hit points when you died.